Map: Dusk Towers

Players

CheeseKing

  • Race: Protoss Protoss
  • League: Master

viOLet - Winner!

  • Race: Zerg Zerg

Event: DreamHack ZOWIE Open Leipzig

VOD

Have the link to the VOD?

Description

Time

  • Played on: Jan. 22, 2016, 7:37 a.m.
  • Length: 6:52

All games in this series

Show
View Real Time Build Order
Export as new Build Order

CheeseKing Protoss 

Build Orders: Nexus First 

Get SALT Encoding   

  12  0:00  Probe (Chrono Boost)  
  13  0:11  Probe (Chrono Boost)  
  14  0:17  Pylon  
  14  0:22  Probe (Chrono Boost)  
  15  0:35  Probe (Chrono Boost)  
  16  0:46  Probe (Chrono Boost)  
  17  0:59  Nexus  
  17  1:01  Probe (Chrono Boost)  
  18  1:12  Gateway  
  18  1:13  Probe (Chrono Boost)  
  19  1:20  Assimilator  
  19  1:22  Assimilator  
  20  1:25  Probe (Chrono Boost)  
  20  1:34  Pylon  
  20  1:36  Probe (Chrono Boost)  
  21  1:47  Probe (Chrono Boost)  
  22  1:57  Probe (Chrono Boost)  
  23  2:01  Cybernetics Core  
  23  2:08  Probe (Chrono Boost)  
  24  2:09  Zealot  
  24  2:14  Probe (Chrono Boost)  
  27  2:18  Probe (Chrono Boost)  
  28  2:24  Probe (Chrono Boost)  
  28  2:27  Assimilator  
  28  2:29  Probe (Chrono Boost)  
  30  2:30  Assimilator  
  30  2:34  Probe (Chrono Boost)  
  31  2:38  Stalker (Chrono Boost)  
  31  2:39  Probe  
  31  2:44  Probe  
  35  2:51  Probe  
  35  2:54  Probe  
  37  3:01  Stargate  
  37  3:03  Probe, Stargate  
  37  3:05  Probe  
  39  3:15  Pylon  
  39  3:16  Mothership Core (Chrono Boost)  
  39  3:17  Probe (Chrono Boost)  
  42  3:28  Probe (Chrono Boost)  
  42  3:33  Pylon  
  43  3:36  Probe (Chrono Boost)  
  43  3:39  Probe (Chrono Boost)  
  45  3:50  Void Ray x2 (Chrono Boost)  
  45  3:52  Probe (Chrono Boost)  
  45  3:55  Probe (Chrono Boost)  
  55  4:02  Probe  
  56  4:06  Probe  
  57  4:15  Nexus  
  57  4:16  Probe  
  58  4:19  Pylon  
  58  4:21  Probe  
  59  4:37  Void Ray x2 (Chrono Boost)  
  67  4:39  Probe  
  67  4:41  Probe  
  69  4:52  Probe  
  70  4:53  Pylon  
  70  4:57  Pylon, Protoss Air Weapons Level 1  
  70  5:09  Fleet Beacon  
  70  5:11  Probe x2  
  72  5:19  Void Ray (Chrono Boost)  
  76  5:23  Probe (Chrono Boost), Void Ray (Chrono Boost)  
  76  5:25  Probe (Chrono Boost)  
  76  5:27  Probe (Chrono Boost)  
  83  5:35  Probe (Chrono Boost)  
  84  5:37  Probe (Chrono Boost), Stargate x2  
  84  5:41  Probe (Chrono Boost)  
  84  5:42  Assimilator  
  86  5:44  Assimilator  
  86  5:45  Probe (Chrono Boost)  
  86  5:48  Probe (Chrono Boost)  
  88  5:51  Probe (Chrono Boost)  
  88  5:54  Forge  
  88  5:56  Probe (Chrono Boost)  
  90  5:59  Pylon  
  90  6:00  Void Ray  
  78  6:12  Oracle  
Show
View Real Time Build Order
Export as new Build Order

viOLet Zerg - Winner!

Build Orders: Hatch First 

Get SALT Encoding   

  12  0:00  Drone  
  13  0:12  Overlord  
  13  0:17  Drone  
  14  0:30  Drone x2  
  14  0:34  Drone  
  17  0:52  Hatchery  
  17  0:54  Drone  
  17  0:57  Drone  
  18  1:11  Spawning Pool  
  18  1:14  Drone  
  18  1:18  Drone  
  19  1:37  Hatchery  
  18  1:42  Drone x2  
  20  1:52  Overlord  
  20  1:58  Queen  
  22  2:04  Drone  
  22  2:06  Zergling x2  
  24  2:11  Zergling x2  
  24  2:13  Queen  
  27  2:17  Drone  
  28  2:23  Drone  
  28  2:28  Drone  
  30  2:34  Queen  
  30  2:35  Drone  
  33  2:39  Overlord  
  34  2:44  Drone  
  34  2:48  Queen  
  36  2:51  Drone x2  
  38  3:00  Drone x2  
  38  3:05  Drone  
  41  3:06  Drone x2  
  41  3:09  Drone x2  
  45  3:13  Overlord  
  45  3:14  Drone  
  45  3:19  Drone x2  
  48  3:21  Extractor x2  
  48  3:22  Drone x3  
  49  3:32  Drone  
  49  3:33  Drone x2  
  52  3:39  Drone  
  52  3:40  Drone  
  54  3:42  Spore Crawler  
  54  3:43  Drone x5  
  54  3:46  Spore Crawler  
  57  3:49  Overlord  
  57  3:51  Drone  
  57  3:53  Overlord  
  58  4:03  Overlord  
  58  4:04  Overlord  
  58  4:06  Metabolic Boost  
  58  4:10  Drone x4  
  58  4:11  Roach Warren, Drone  
  58  4:16  Drone x3  
  65  4:20  Drone  
  65  4:21  Drone x3  
  69  4:26  Spore Crawler  
  69  4:27  Overlord  
  69  4:30  Overlord x2  
  68  4:36  Extractor  
  66  4:51  Roach x9  
  66  4:52  Roach  
  86  4:53  Zergling x8  
  90  5:00  Zergling x8  
  90  5:03  Spore Crawler  
  93  5:07  Zergling x2  
  93  5:08  Zergling x2  
  93  5:13  Overlord  
  95  5:14  Zergling x2  
  95  5:15  Lair  
  95  5:19  Zergling x12  
  95  5:20  Zergling x2  
  103  5:28  Overlord  
  103  5:29  Drone  
  103  5:30  Evolution Chamber, Drone  
  103  5:33  Hatchery  
  103  5:34  Queen  
  105  5:37  Spore Crawler  
  105  5:39  Spore Crawler  
  103  5:45  Zergling x12  
  109  5:52  Zergling x12  
  115  6:06  Zergling x2  
  115  6:09  Queen  
  115  6:10  Queen  
  117  6:17  Zergling x4  
  115  6:22  Hydralisk Den  
  115  6:25  Spore Crawler  
  109  6:26  Spore Crawler  
  98  6:40  Drone x2  
  98  6:43  Spore Crawler  
  98  6:45  Spore Crawler  

Tags
 
Add a new tag
Caveats
  • Supply blocks, unpowered buildings, or Contaminate may cause inaccurate times.
  • Supply counts are checked every 10 seconds.